 Dungeon Crawl Stone Soup version 0.20.0-10-g0535bb4 (webtiles) character file.

16 sagitran the Sneak (level 2, 0/11 HPs)
             Began as a Vine Stalker Enchanter on June 8, 2017.
             Succumbed to an adder's poison
             ... on level 2 of the Dungeon.
             The game lasted 00:13:36 (760 turns).

sagitran the Sneak (Vine Stalker Enchanter)          Turns: 760, Time: 00:13:37

Health: 0/11       AC:  2    Str: 10    XL:     2   Next: 54%
Magic:  2/6        EV: 12    Int: 15    God:
Gold:   30         SH:  0    Dex: 14    Spells: 4/5 levels left

rFire    + . .     SeeInvis .   a - +1 dagger
rCold    . . .     Gourm    .   (no shield)
rNeg     . . .     Faith    .   b - +0 robe
rPois    .         Spirit   +   (no helmet)
rElec    .         Reflect  .   (no cloak)
rCorr    .         Harm     .   (no gloves)
MR       .....                  (no boots)
Stlth    +++.......             (no amulet)
Regen    0.1/turn               (no ring)
MPRegen  0.1/turn               (no ring)

@: lethally poisoned (0 -> -16)
A: claws 1, fangs 2, fire resistance 1, frail 1, magic shield, antimagic bite,
no potion heal 3, rot immunity
a: no special abilities


You were on level 2 of the Dungeon.
You were not hungry.

You visited 1 branch of the dungeon, and saw 2 of its levels.

You collected 30 gold pieces.

Inventory:

Hand Weapons
 a - a +1 dagger (weapon)
Missiles
 e - 43 stones (quivered)
Armour
 b - a +0 robe (worn)
Books
 c - a book of Maledictions

   Spells                             Type                      Level
   a - Corona                         Hexes                        1
   b - Ensorcelled Hibernation        Hexes/Ice                    2
   c - Confuse                        Hexes                        3
   d - Tukima's Dance                 Hexes                        3
   e - Dazzling Spray                 Conjuration/Hexes            3
Comestibles
 d - a bread ration


   Skills:
 + Level 1.0 Short Blades
 + Level 1.7 Dodging
 + Level 4.2 Stealth
 + Level 2.2 Spellcasting
 + Level 3.2 Hexes


You had 4 spell levels left.
You knew the following spells:

 Your Spells              Type           Power        Failure   Level  Hunger
a - Corona                Hex            ##.....      5%          1    #......


Dungeon Overview and Level Annotations

Branches:
Dungeon (2/15)

Altars:


Innate Abilities, Weirdness & Mutations

You have extremely sharp teeth.
When hurt, damage is shared between your health and your magic reserves.
Your bite disrupts and absorbs the magic of your enemies.
Potions cannot restore your health.
You are immune to rotting.
You have sharp fingernails.
Your flesh is heat resistant. (rF+)
You are frail. (-10% HP)


Message History

The adder is outlined in light.
* * * LOW HITPOINT WARNING * * *
You feel sick. The adder bites you.
* * * LOW HITPOINT WARNING * * *
The leopard gecko misses you. The adder bites you but does no damage.
You hit the adder.
The adder is moderately wounded.
* * * LOW HITPOINT WARNING * * *
You feel sick. The leopard gecko closely misses you.
The adder closely misses you.
The leopard gecko completely misses you.
As you read the scroll labeled YTELAO VOZEZOE, it crumbles to dust.
You feel blessed for a moment.
It was a scroll of remove curse.
The adder bites you.
You are more poisoned.
The adder poisons you!
The leopard gecko bites you but does no damage.
It was a potion of mutation.
You feel extremely strange.
You feel frail.
You feel resistant to heat.
Your fingernails lengthen.
You die...

#...# ... ... #.# #.
#.# #. #.# #. ##'##
#.# ##..l## #..###
##..S@.## #.#.##
##.......#
###....####.........#
..........'.....^...+
.##.....###.........#
#.#.#.# ##.......##
#.###.# ##.....## #.
#.# ##...## #. #.#
##+##


You could see an adder and a leopard gecko.

Vanquished Creatures
  2 ball pythons (D:1)
  2 giant cockroaches (D:1)
  5 bats (D:1)
  3 frilled lizards
  3 kobolds (D:1)
  3 rats
18 creatures vanquished.

Notes
Turn   | Place    | Note
-------+----------+-------------------------------------------
     0 | D:1      | sagitran the Vine Stalker Enchanter began the quest for the Orb.
     0 | D:1      | Reached XP level 1. HP: 9/9 MP: 4/4
   380 | D:1      | Reached skill level 4 in Stealth
   380 | D:1      | Reached XP level 2. HP: 13/13 MP: 4/6
   573 | D:1      | Reached skill level 1 in Short Blades
   760 | D:2      | Gained mutation: You are frail. (-10% HP) [potion of mutation]
   760 | D:2      | Gained mutation: Your flesh is heat resistant. (rF+) [potion of mutation]
   760 | D:2      | Gained mutation: You have sharp fingernails. [potion of mutation]
   760 | D:2      | Succumbed to an adder's poison

Skill      XL: |  1  2 |
---------------+-------+-----
Stealth        | 4 |  4.2
Short Blades   | 1 |  1.0
Dodging        | |  1.7
Spellcasting   | |  2.2
Hexes          | |  3.2

Action                   || total
-------------------------++-------
Melee: Dagger            ||    41
       Bite              ||     6
 Cast: Corona            ||     1
  Use: Scroll            ||     2
       Potion            ||     2
 Stab: Sleeping          ||     5
Armor: Robe              ||    17
Dodge: Dodged            ||    53
